[Event "Titled Tuesday Blitz January 10 Early 2023"]
[White "Klukin, Kirill"]
[Black "Pein, Jonathan"]
[WhiteFideId "24199273"]
[BlackFideId "417092"]
[WhiteElo "2390"]
[BlackElo "2265"]
[Result "1-0"]
[Round "03"]
[TimeControl "180+2"]
[Date "2023.01.10"]
[WhiteClock "0:00:02"]
[BlackClock "0:00:02"]

1. b3 c5 2. Bb2 Nc6 3. Nf3 b6 4. e3 Bb7 5. c4 Nf6 6. Nc3 e6 7. Be2 d5 8. cxd5 Nxd5 9. O-O Be7 10. Nxd5 Qxd5 11. Bc4 Qh5 12. Qe2 O-O 13. Rfd1 Rfd8 14. Ba6 Bxa6 15. Qxa6 Nb4 16. Qb7 Bd6 17. d4 cxd4 18. Rxd4 Nc2 19. Rxd6 Nxa1 20. Bxa1 Qc5 21. Rxd8+ Rxd8 22. h4 Qc1+ 23. Kh2 Qxa1 24. Qxa7 h6 25. Qxb6 Qf6 26. a4 g5 27. hxg5 hxg5 28. Qb4 Kg7 29. Kg3 Qf5 30. a5 Rd5 31. a6 Rb5 32. Qd4+ e5 33. Qc4 e4 34. Qd4+ Kg6 35. a7 Ra5 36. Ne5+ Rxe5 37. a8=Q 1-0


[Site "https://www.chess.com"]

[Event "Titled Tuesday Blitz January 10 Early 2023"]
[White "Garcia Ramos, Daniel"]
[Black "Carbone, Diego"]
[WhiteFideId "32010311"]
[BlackFideId "3002179"]
[WhiteElo "2442"]
[BlackElo "2336"]
[Result "1-0"]
[Round "03"]
[TimeControl "180+2"]
[Date "2023.01.10"]
[WhiteClock "0:01:18"]
[BlackClock "0:00:45"]

1. e4 c5 2. Nf3 e6 3. d4 cxd4 4. Nxd4 Nc6 5. Nc3 Qc7 6. Be3 a6 7. a3 Nf6 8. f4 b5 9. e5 Nxd4 10. Bxd4 Ng8 11. Ne4 Bb7 12. Nd6+ Ke7 13. Qh5 Nh6 14. Qg5+ f6 15. exf6+ gxf6 16. Qxf6+ Kxd6 17. Be5+ Kc6 18. Bxc7 1-0


[Site "https://www.chess.com"]

[Event "Titled Tuesday Blitz January 10 Early 2023"]
[White "Csonka, Balazs"]
[Black "Buchenau, Frank"]
[WhiteFideId "742910"]
[BlackFideId "4604350"]
[WhiteElo "2496"]
[BlackElo "2222"]
[Result "1-0"]
[Round "03"]
[TimeControl "180+2"]
[Date "2023.01.10"]
[WhiteClock "0:00:34"]
[BlackClock "0:00:19"]

1. d4 e6 2. Nf3 Nf6 3. c4 b6 4. g3 Bb7 5. Bg2 Be7 6. O-O O-O 7. Re1 a5 8. Nc3 Ne4 9. Bd2 f5 10. d5 Bf6 11. Qc2 Na6 12. Rad1 Nb4 13. Qb1 exd5 14. cxd5 Nxd5 15. Nxe4 fxe4 16. Qxe4 Re8 17. Qc2 Nb4 18. Bxb4 Be4 19. Qb3+ d5 20. Bc3 a4 21. Bxf6 axb3 22. Bxd8 bxa2 23. Bxc7 Rec8 24. Bxb6 Bc2 25. Ra1 Rcb8 26. Bd4 1-0


[Site "https://www.chess.com"]

[Event "Titled Tuesday Blitz January 10 Early 2023"]
[White "Ordekalog"]
[Black "Ljukin, Sergei"]
[BlackFideId "14102200"]
[WhiteElo "2635"]
[BlackElo "2362"]
[Result "1-0"]
[Round "03"]
[TimeControl "180+2"]
[Date "2023.01.10"]
[WhiteClock "0:01:13"]
[BlackClock "0:00:06"]

1. e4 e6 2. Bb5 a6 3. Ba4 b5 4. Bb3 d5 5. exd5 exd5 6. d4 Nf6 7. c3 Be7 8. a4 b4 9. Nf3 O-O 10. h3 Nc6 11. O-O Rb8 12. Re1 Re8 13. Bg5 Ne4 14. Bxe7 Rxe7 15. Nbd2 bxc3 16. bxc3 Na5 17. Bc2 Nxc3 18. Bxh7+ Kxh7 19. Qc2+ Kg8 20. Qxc3 Rxe1+ 21. Rxe1 c6 22. Ne5 Be6 23. Ndf3 Qb6 24. Qe3 Nc4 25. Qf4 Nxe5 26. Rxe5 Qb1+ 27. Kh2 Qg6 28. Rg5 Qh6 29. Qxb8+ 1-0


[Site "https://www.chess.com"]

[Event "Titled Tuesday Blitz January 10 Early 2023"]
[White "Begunov, Konstantin"]
[Black "Tatarinov, Dmitry"]
[WhiteFideId "4118510"]
[BlackFideId "24160067"]
[WhiteElo "2325"]
[BlackElo "2310"]
[Result "0-1"]
[Round "03"]
[TimeControl "180+2"]
[Date "2023.01.10"]
[WhiteClock "0:00:58"]
[BlackClock "0:02:27"]

1. d4 g6 2. c4 Bg7 3. Nc3 c5 4. Nf3 cxd4 5. Nxd4 Nc6 6. e3 Nf6 7. Be2 O-O 8. O-O d5 9. cxd5 Nxd5 10. Nxd5 Nxd4 11. Nxe7+ Qxe7 12. exd4 Rd8 13. Be3 Bf5 14. Bf3 Qb4 15. Qb3 Qxb3 16. axb3 Bxd4 17. Bxd4 Rxd4 18. Bxb7 Rb8 19. Rxa7 Rd7 20. g4 Be6 21. h3 Rdxb7 22. Rxb7 Rxb7 23. Rd1 Rxb3 24. Rd2 Rxh3 0-1


[Site "https://www.chess.com"]

[Event "Titled Tuesday Blitz January 10 Early 2023"]
[White "Valle Maytin, Luis Enrique"]
[Black "Papasimakopoulos, Alexandros"]
[WhiteFideId "3503666"]
[BlackFideId "4244125"]
[WhiteElo "2241"]
[BlackElo "2401"]
[Result "0-1"]
[Round "03"]
[TimeControl "180+2"]
[Date "2023.01.10"]
[WhiteClock "0:00:15"]
[BlackClock "0:01:17"]

1. e4 e6 2. d4 d5 3. exd5 exd5 4. Nf3 Bg4 5. Bd3 Nc6 6. c3 Bd6 7. Qe2+ Nge7 8. Nbd2 Qd7 9. h3 Bf5 10. O-O f6 11. b4 Bxd3 12. Qxd3 Qf5 13. Qb5 O-O-O 14. Nb3 h5 15. Na5 Nxa5 16. bxa5 a6 17. Qb3 Nc6 18. Qa4 g5 19. Be3 h4 20. Nh2 Bxh2+ 21. Kxh2 g4 22. Qd1 Rhg8 23. hxg4 Rxg4 24. Qf3 Qg6 25. Qh3 f5 26. Rg1 Rg8 27. f3 Rg3 28. Qxh4 Qg7 29. Bf4 Rxg2+ 30. Kh1 Rxg1+ 0-1


[Site "https://www.chess.com"]

[Event "Titled Tuesday Blitz January 10 Early 2023"]
[White "Murzin, Volodar"]
[Black "Novikov, Evgenij"]
[WhiteFideId "44155573"]
[BlackFideId "4125380"]
[WhiteElo "2604"]
[BlackElo "2276"]
[Result "1-0"]
[Round "03"]
[TimeControl "180+2"]
[Date "2023.01.10"]
[WhiteClock "0:00:16"]
[BlackClock "0:00:08"]

1. e4 c5 2. Nf3 d6 3. Bb5+ Bd7 4. Bxd7+ Nxd7 5. O-O Ngf6 6. Qe2 e6 7. Rd1 Be7 8. c3 O-O 9. d4 Qc7 10. Nbd2 cxd4 11. cxd4 Rac8 12. Ne1 a6 13. Ndf3 b5 14. Bg5 h6 15. Bh4 Nb6 16. Nd3 Qb7 17. Re1 Rc7 18. Rac1 Rfc8 19. Rxc7 Rxc7 20. h3 Qc8 21. Qd1 Na4 22. Re2 d5 23. exd5 Nxd5 24. Bg3 Rc4 25. Nfe5 Rxd4 26. Rc2 Qb7 27. Qf3 Bf6 28. b3 Nab6 29. Nc6 Rxd3 30. Qxd3 g6 31. Kh2 Kg7 32. Qe2 h5 33. Be5 Qd7 34. h4 Nf4 35. Bxf4 Bxh4 36. Be5+ Bf6 37. Bxf6+ Kxf6 38. Qe5# 1-0


[Site "https://www.chess.com"]

[Event "Titled Tuesday Blitz January 10 Early 2023"]
[White "Barrientos, Sergio E"]
[Black "Della Corte, Alessandro"]
[WhiteFideId "4401824"]
[BlackFideId "813540"]
[WhiteElo "2479"]
[BlackElo "2160"]
[Result "1-0"]
[Round "03"]
[TimeControl "180+2"]
[Date "2023.01.10"]
[WhiteClock "0:01:40"]
[BlackClock "0:01:59"]

1. d4 d5 2. c4 e6 3. Nf3 Nf6 4. g3 Be7 5. Bg2 O-O 6. O-O Nbd7 7. Nbd2 c6 8. b3 b6 9. Bb2 Bb7 10. Rc1 Rc8 11. a3 c5 12. dxc5 dxc4 13. Nxc4 Nxc5 14. b4 Qxd1 15. Rfxd1 Na4 16. Be5 Rfd8 17. Nd4 Bxg2 18. Kxg2 Rxc4 19. Rxc4 Nb2 20. Rdc1 Nxc4 21. Rxc4 Nd7 22. Bc7 Rc8 23. Nc6 Kf8 24. Nxe7 Kxe7 25. Bd6+ Kd8 26. Be7+ Kxe7 27. Rxc8 Kd6 28. f4 f5 29. Kf3 Nf6 30. Ra8 1-0


[Site "https://www.chess.com"]

[Event "Titled Tuesday Blitz January 10 Early 2023"]
[White "Estrada Nieto, Julian"]
[Black "Martinez Ramirez, Lennis"]
[WhiteFideId "5101018"]
[BlackFideId "3509079"]
[WhiteElo "2215"]
[BlackElo "2426"]
[Result "0-1"]
[Round "03"]
[TimeControl "180+2"]
[Date "2023.01.10"]
[WhiteClock "0:00:04"]
[BlackClock "0:01:06"]

1. e4 c5 2. Nf3 d6 3. Bb5+ Bd7 4. Bxd7+ Qxd7 5. O-O Nc6 6. Re1 Nf6 7. c3 e6 8. d4 cxd4 9. cxd4 d5 10. e5 Ne4 11. Nbd2 Bb4 12. Nxe4 dxe4 13. Rxe4 Rd8 14. Bg5 Be7 15. Rc1 O-O 16. Rg4 Bxg5 17. Nxg5 Nxe5 18. Qc2 Ng6 19. Nf3 Rc8 20. Qb1 Rxc1+ 21. Qxc1 Rc8 22. Qd2 e5 23. Re4 Qc6 24. Re1 Qc2 25. Qxc2 Rxc2 26. dxe5 Rxb2 27. Rc1 h6 28. Rc8+ Nf8 29. h4 g6 30. Rc7 Ne6 31. Rd7 Kf8 32. a4 Ke8 33. Rd5 Rb4 34. a5 Rb1+ 35. Kh2 Nf4 36. Rd4 Ne6 37. Rd5 a6 38. g3 Rb5 39. Rxb5 axb5 40. Kg2 Kd7 41. Kf1 Kc6 42. Ke2 b4 43. Kd3 Kb5 44. Nd2 Kxa5 45. Nc4+ Ka4 46. Nd6 b3 47. Kc3 b5 48. Nxf7 Ka3 49. Nd6 b4+ 50. Kd2 b2 51. Nc4+ Ka2 52. Nxb2 Kxb2 53. f4 h5 54. Kd3 b3 55. Kc4 Kc2 56. Kd5 Ng7 57. e6 b2 58. e7 b1=Q 0-1


[Site "https://www.chess.com"]

[Event "Titled Tuesday Blitz January 10 Early 2023"]
[White "Fromm, Marius"]
[Black "Martin Duque, Jesus"]
[WhiteFideId "12993190"]
[BlackFideId "2208954"]
[WhiteElo "2457"]
[BlackElo "2386"]
[Result "0-1"]
[Round "03"]
[TimeControl "180+2"]
[Date "2023.01.10"]
[WhiteClock "0:00:48"]
[BlackClock "0:02:24"]

1. e4 c5 2. Nf3 b6 3. d4 cxd4 4. Nxd4 Bb7 5. Nc3 a6 6. Be3 e6 7. Qd2 Qc7 8. a3 Nf6 9. f3 h5 10. O-O-O Be7 11. h4 d6 12. Kb1 Nbd7 13. Be2 Rc8 14. Rh3 b5 15. Rg3 Kf8 16. Ndxb5 axb5 17. Nxb5 Qb8 18. Nxd6 Rc6 19. e5 Nxe5 20. Nxb7 Qxb7 21. Bd4 Rd6 22. Rxg7 Kxg7 23. Qg5+ Ng6 0-1


[Site "https://www.chess.com"]

[Event "Titled Tuesday Blitz January 10 Early 2023"]
[White "Mesic, Ismet"]
[Black "Tica, Sven"]
[WhiteFideId "14411105"]
[BlackFideId "14526948"]
[WhiteElo "2190"]
[BlackElo "2431"]
[Result "1-0"]
[Round "03"]
[TimeControl "180+2"]
[Date "2023.01.10"]
[WhiteClock "0:00:33"]
[BlackClock "0:00:10"]

1. b3 a5 2. a4 e5 3. Bb2 Nc6 4. g3 d5 5. Bg2 Bd6 6. d3 Nge7 7. Nd2 Be6 8. e4 Qd7 9. h3 O-O 10. Ngf3 h6 11. g4 Ng6 12. Rh2 d4 13. g5 h5 14. Kf1 Nf4 15. h4 Bg4 16. Qe1 f6 17. Kg1 Nb4 18. Rc1 Na2 19. Ra1 Nc3 20. gxf6 Rxf6 21. Ng5 Nce2+ 22. Kh1 Bb4 23. Ba3 Bc3 24. Rb1 Nxg2 25. Rxg2 Nf4 26. Rg3 Rg6 27. f3 Bh3 28. Kh2 Be6 29. Qf2 Ra6 30. Rbg1 Bf7 31. Nc4 Qe8 32. Nxf7 Kxf7 33. Rxg6 Rxg6 34. Rxg6 Nxg6 35. Qg3 c6 36. Bc1 b5 37. axb5 cxb5 38. Nd6+ 1-0


[Site "https://www.chess.com"]

[Event "Titled Tuesday Blitz January 10 Early 2023"]
[White "Atakhan, Abtin"]
[Black "Namitbir Singh Walia"]
[WhiteFideId "22502203"]
[BlackFideId "35071068"]
[WhiteElo "2422"]
[BlackElo "2364"]
[Result "1-0"]
[Round "03"]
[TimeControl "180+2"]
[Date "2023.01.10"]
[WhiteClock "0:00:49"]
[BlackClock "0:00:02"]

1. c4 Nf6 2. g3 g6 3. Bg2 Bg7 4. Nc3 O-O 5. Nf3 c6 6. d3 d5 7. cxd5 cxd5 8. O-O Nc6 9. Bf4 d4 10. Nb5 Nd5 11. Bd2 Qb6 12. a4 Rd8 13. Qb1 Bf5 14. Na3 Qa6 15. Nc4 Ndb4 16. Nh4 Be6 17. Qd1 Bxc4 18. dxc4 Qxc4 19. Rc1 Qa6 20. Qb3 Qb6 21. a5 Qxa5 22. Bxc6 bxc6 23. Qxb4 Qe5 24. Qc4 Rab8 25. Nf3 Qe4 26. b3 a5 27. Qxf7+ Kxf7 28. Ng5+ 1-0


[Site "https://www.chess.com"]

[Event "Titled Tuesday Blitz January 10 Early 2023"]
[White "Chernomordik, Pavel"]
[Black "Liyanage, Ranindu Dilshan"]
[WhiteFideId "2804530"]
[BlackFideId "9915834"]
[WhiteElo "2150"]
[BlackElo "2342"]
[Result "0-1"]
[Round "03"]
[TimeControl "180+2"]
[Date "2023.01.10"]
[WhiteClock "0:00:04"]
[BlackClock "0:00:13"]

1. e4 e5 2. Nf3 Nc6 3. Bb5 a6 4. Ba4 Nf6 5. Qe2 b5 6. Bb3 Bc5 7. a4 b4 8. Bxf7+ Ke7 9. Ba2 d6 10. h3 a5 11. Bc4 Rf8 12. d3 Qe8 13. Be3 Bxe3 14. Qxe3 Qh5 15. Nbd2 Ng4 16. hxg4 Qxh1+ 17. Ke2 Qxa1 18. Qg5+ Ke8 19. Qxg7 Bd7 20. Nb3 Qxb2 21. Qxh7 Qxc2+ 22. Nbd2 Ne7 23. Qh5+ Kd8 24. Ng5 c6 25. Qh6 Kc7 26. Nf7 Rxf7 27. Bxf7 Rb8 28. Bb3 Qc3 29. Nc4 Nc8 30. Nxa5 Ra8 31. Be6 Rxa5 32. Qg7 Nb6 0-1


[Site "https://www.chess.com"]

[Event "Titled Tuesday Blitz January 10 Early 2023"]
[White "Ortega Ruiz, Jose Miguel"]
[Black "Tillyaev, Ulugbek"]
[WhiteFideId "2209713"]
[BlackFideId "14202441"]
[WhiteElo "2351"]
[BlackElo "2287"]
[Result "1-0"]
[Round "03"]
[TimeControl "180+2"]
[Date "2023.01.10"]
[WhiteClock "0:02:05"]
[BlackClock "0:00:46"]

1. Nf3 c5 2. g3 Nc6 3. Bg2 g6 4. O-O Bg7 5. e4 d6 6. Nc3 e6 7. d3 Nge7 8. Be3 Nd4 9. Ne2 Nxf3+ 10. Bxf3 Bxb2 11. Rb1 Bg7 12. d4 Qc7 13. e5 dxe5 14. dxc5 O-O 15. Qd6 Qxd6 16. cxd6 Nf5 17. d7 Bxd7 18. Rxb7 Nxe3 19. fxe3 Rad8 20. Rd1 Ba4 21. Rxd8 Rxd8 22. Rxa7 Bxc2 23. Nc3 Rd3 24. Ra8+ Bf8 25. Rc8 Rxe3 26. Kf2 Rd3 27. Be4 Rxc3 28. Rxc3 Bxe4 29. a4 Bb4 30. Rc4 Ba5 31. Rxe4 f6 32. Rc4 f5 33. Ke2 Kf7 34. Rc5 Bd8 35. a5 Kf6 36. a6 Bb6 37. Rc6 Bd4 38. Rc7 h5 39. a7 Bxa7 40. Rxa7 g5 41. Ra8 e4 42. Rh8 Kg6 43. h4 gxh4 44. gxh4 f4 45. Rg8+ Kf6 46. Rg5 e5 47. Rxh5 e3 48. Kf3 e4+ 49. Ke2 Kg6 50. Ra5 Kf6 51. h5 Kg7 52. Rf5 Kh6 53. Rxf4 Kxh5 54. Rxe4 Kg5 55. Kxe3 Kf5 56. Kf3 Kf6 57. Kf4 Kg6 58. Re6+ Kf7 59. Kf5 Kg7 60. Re7+ Kg8 61. Kf6 Kf8 62. Re6 Kg8 63. Kg6 Kf8 64. Re3 1-0


[Site "https://www.chess.com"]

[Event "Titled Tuesday Blitz January 10 Early 2023"]
[White "Kupervaser, Erez"]
[Black "Sattarov, Bobir"]
[WhiteFideId "2814587"]
[BlackFideId "14203081"]
[WhiteElo "2269"]
[BlackElo "2366"]
[Result "1-0"]
[Round "03"]
[TimeControl "180+2"]
[Date "2023.01.10"]
[WhiteClock "0:00:06"]
[BlackClock "0:00:03"]

1. e4 e5 2. Nf3 Nc6 3. d4 exd4 4. Nxd4 Bc5 5. Nxc6 bxc6 6. Bd3 Nf6 7. O-O d6 8. Nd2 Ng4 9. Nf3 O-O 10. h3 Ne5 11. Nxe5 dxe5 12. Bc4 Qf6 13. Qe2 Rb8 14. Rb1 Bd4 15. c3 Bxc3 16. Be3 Bd4 17. Rfd1 c5 18. b3 Be6 19. Rbc1 Rb7 20. Rc2 Bxc4 21. Rxc4 Qe7 22. Rdc1 Rd8 23. Qe1 g6 24. g3 Rd7 25. Kg2 h5 26. h4 Qe6 27. Qe2 Kg7 28. Ra4 Qb6 29. Ra6 Qb4 30. Ra4 Qb6 31. Ra6 Qb5 32. Qxb5 Rxb5 33. Kf3 Rb7 34. Ke2 Kf8 35. Rc4 Ke7 36. Rca4 Bxe3 37. Kxe3 Rd4 38. Rxa7 Rxa7 39. Rxa7 Kd7 40. Ra5 Kd6 41. Ra6+ Kd7 42. Rf6 c4 43. Rxf7+ Kc8 44. bxc4 Rxc4 45. Rg7 Rc3+ 46. Ke2 Rc2+ 47. Ke3 Rxa2 48. Rxg6 Ra3+ 49. Ke2 Ra4 50. Kf3 Ra3+ 51. Kg2 Kb7 52. Rg5 c5 53. Rxe5 c4 54. Rc5 Rc3 55. f4 Kb6 56. Rxh5 Rc1 57. Rh6+ Kb5 58. Rh8 c3 59. Rc8 Rc2+ 60. Kh3 Kb4 61. Kg4 Re2 62. e5 Re4 63. Kf5 Rc4 64. Rb8+ Kc5 65. Rb1 Kd4 66. Rc1 Ke3 67. e6 Kd2 68. Rg1 c2 69. Kf6 Re4 70. Ra1 Ra4 71. Rg1 Re4 72. Ra1 Ra4 73. Rxa4 c1=Q 74. Rd4+ Ke3 75. e7 Qc6+ 76. Kf7 Qb7 77. Rd6 Kf3 78. Re6 Kg4 79. Kf8 Qb4 80. Rg6+ Kf5 81. Rg7 Kf6 82. Rf7+ Ke6 83. f5+ Kd7 84. f6 Qd6 85. Kg7 Qe6 86. Kf8 Qd6 87. g4 Qc5 88. g5 Qb4 89. g6 Qa3 90. g7 Ke6 91. g8=Q Qa8+ 92. e8=Q+ Qxe8+ 93. Kxe8 1-0


[Site "https://www.chess.com"]

[Event "Titled Tuesday Blitz January 10 Early 2023"]
[White "Avazkhonov, Alikhon"]
[Black "Mirzoev, Azer"]
[WhiteFideId "14208504"]
[BlackFideId "13400304"]
[WhiteElo "1538"]
[BlackElo "2416"]
[Result "0-1"]
[Round "03"]
[TimeControl "180+2"]
[Date "2023.01.10"]
[WhiteClock "0:00:03"]
[BlackClock "0:01:02"]

1. d4 Nf6 2. c4 e6 3. Nc3 c5 4. d5 exd5 5. cxd5 d6 6. e4 a6 7. a4 g6 8. f4 Bg7 9. Nf3 O-O 10. Be2 Bg4 11. O-O Re8 12. Qc2 Nbd7 13. a5 Rc8 14. Ra4 c4 15. Be3 Nxe4 16. Nxe4 Qe7 17. Nfg5 Bxe2 18. Qxe2 h6 19. Ne6 fxe6 20. Rxc4 exd5 21. Rxc8 Rxc8 22. Nc3 d4 23. Bd2 Qxe2 24. Nxe2 Rc2 25. Rd1 Rxb2 26. Kf2 Nc5 27. Kf3 Rb3+ 28. Kf2 Ne4+ 29. Ke1 d5 30. Nc1 Ra3 31. Bb4 Ra4 32. Nd3 Ra2 0-1


[Site "https://www.chess.com"]

[Event "Titled Tuesday Blitz January 10 Early 2023"]
[White "Sihite, Chelsie Monica Ignesias"]
[Black "Hsu, Li Yang"]
[WhiteFideId "7101198"]
[BlackFideId "5800080"]
[WhiteElo "2266"]
[BlackElo "2427"]
[Result "0-1"]
[Round "03"]
[TimeControl "180+2"]
[Date "2023.01.10"]
[WhiteClock "0:00:20"]
[BlackClock "0:00:06"]

1. e4 c6 2. d4 d5 3. Nc3 dxe4 4. Nxe4 Nd7 5. Qe2 Ndf6 6. Nxf6+ Nxf6 7. Nf3 Bf5 8. Be3 e6 9. O-O-O Qa5 10. Kb1 Nd5 11. Bd2 Qb6 12. Qc4 Be7 13. Qb3 O-O 14. Bc4 Rfd8 15. Be3 h6 16. Rhe1 Bf6 17. Qxb6 axb6 18. Bb3 b5 19. h3 Be4 20. Kc1 Bxf3 21. gxf3 Rd7 22. Rg1 Kh7 23. c3 g6 24. Bc2 Rxa2 25. Bb1 Ra8 26. Bd2 Rad8 27. h4 h5 28. Rg2 Ne7 29. Rdg1 b4 30. Bg5 Bxg5+ 31. Rxg5 Kh6 32. Re5 bxc3 33. bxc3 Rd5 34. Re3 Nf5 35. Re4 c5 36. Ba2 R5d6 37. dxc5 Rc6 38. Rb4 Rxc5 39. Rxb7 Rxc3+ 40. Kb2 Rxf3 41. Rxf7 Rd2+ 42. Kb1 Rfxf2 43. Bxe6 Nxh4 44. Rb7 Rf6 45. Bg8 Rg2 46. Rh1 Nf3 47. Rh7+ Kg5 48. Rb7 Rg1+ 49. Rxg1+ Nxg1 50. Kc2 Nh3 51. Kd2 Nf4 52. Ke3 h4 53. Kf3 Nh5+ 54. Kg2 Kg4 55. Re7 Nf4+ 56. Kh2 Rb6 57. Re4 Rb2+ 58. Kg1 Kf3 59. Ra4 Ne2+ 60. Kh1 Ng3+ 61. Kg1 Rg2# 0-1


[Site "https://www.chess.com"]

[Event "Titled Tuesday Blitz January 10 Early 2023"]
[White "Bon, Michael"]
[Black "UnknownMagician"]
[WhiteFideId "620696"]
[WhiteElo "2394"]
[BlackElo "2657"]
[Result "0-1"]
[Round "03"]
[TimeControl "180+2"]
[Date "2023.01.10"]
[WhiteClock "0:00:01"]
[BlackClock "0:00:08"]

1. e4 c6 2. d4 d5 3. e5 Bf5 4. c4 e6 5. Nc3 Ne7 6. Nf3 Nd7 7. b3 c5 8. cxd5 Nxd5 9. Nxd5 exd5 10. Bd3 Be6 11. O-O cxd4 12. Nxd4 Bc5 13. Nxe6 fxe6 14. Qh5+ Kf8 15. Bb2 Qe7 16. Kh1 Qf7 17. Qh4 Be7 18. Qh3 g6 19. f4 Nc5 20. Bc2 Ne4 21. Rad1 Kg7 22. Bxe4 dxe4 23. Rd7 Rhd8 24. Rxb7 Rab8 25. Rxa7 Ra8 26. Rxa8 Rxa8 27. a4 Rb8 28. Qe3 Qf5 29. a5 g5 30. a6 gxf4 31. Rxf4 Rxb3 32. Rxf5 Rxe3 33. Rf1 Bc5 34. Rc1 Re2 35. g3 Be3 36. Rc7+ Kg6 37. Bc3 Ra2 38. Rc6 Kf5 39. Rc7 Rxa6 40. Rxh7 Ra2 41. h3 Kg6 42. Re7 Kf5 43. Rf7+ Kg5 44. Rf6 Bf2 45. Rxe6 e3 46. Kg2 Ra1 47. Kf3 Rg1 48. g4 Rg3+ 49. Ke2 Rxh3 50. Bd4 Kxg4 51. Rg6+ Kf5 52. Rg8 Ke4 53. Bc3 Rh2 54. e6 Bg3+ 0-1


[Site "https://www.chess.com"]

[Event "Titled Tuesday Blitz January 10 Early 2023"]
[White "Demin, Vladimir"]
[Black "Goldin, Roman"]
[WhiteFideId "4167457"]
[BlackFideId "2803860"]
[WhiteElo "2430"]
[BlackElo "2322"]
[Result "0-1"]
[Round "03"]
[TimeControl "180+2"]
[Date "2023.01.10"]
[WhiteClock "0:00:04"]
[BlackClock "0:00:08"]

1. d4 Nf6 2. Nc3 d5 3. Bf4 g6 4. e3 Bg7 5. Nb5 Na6 6. Nc3 O-O 7. Bxa6 bxa6 8. Be5 c5 9. dxc5 Qa5 10. Qd4 Bf5 11. O-O-O Rfd8 12. Nge2 Ne8 13. Nf4 f6 14. Nfxd5 fxe5 15. Qc4 Kh8 16. Nxe7 Nf6 17. c6 Re8 18. Nxf5 gxf5 19. Rd6 Rac8 20. Rhd1 e4 21. Qf7 Qe5 22. Qxa7 Ng4 23. R1d5 Qxh2 24. Rd7 Qg1+ 25. Rd1 Qxf2 26. Rxg7 Qxe3+ 27. Kb1 Qxa7 28. Rxa7 Rxc6 29. Rdd7 Rh6 30. b3 f4 31. Rf7 e3 32. Ne2 Rf6 33. Rxf6 Nxf6 34. Rf7 Nd5 35. c4 Kg8 36. Rf5 Nb4 37. Rxf4 Rd8 38. Nc3 Rd3 39. Nd5 Rd2 40. Re4 e2 41. Nf4 Rd1+ 42. Kb2 e1=Q 43. Rxe1 Rxe1 44. a3 Rf1 45. axb4 Rxf4 46. Kc3 Rg4 47. c5 Rxg2 48. c6 Kf7 49. Kd4 Rg8 50. Kc5 Ke7 51. Kb6 Kd6 52. Kxa6 Kc7 53. Kb5 Rb8+ 54. Kc5 h5 55. b5 h4 56. Kd5 h3 57. Ke4 h2 58. Kf3 h1=Q+ 0-1


[Site "https://www.chess.com"]

[Event "Titled Tuesday Blitz January 10 Early 2023"]
[White "Osinovsky, Stepan"]
[Black "Shuvalova, Polina"]
[WhiteFideId "4157354"]
[BlackFideId "24171760"]
[WhiteElo "2241"]
[BlackElo "2484"]
[Result "0-1"]
[Round "03"]
[TimeControl "180+2"]
[Date "2023.01.10"]
[WhiteClock "0:00:02"]
[BlackClock "0:00:16"]

1. Nf3 d5 2. g3 Nf6 3. Bg2 e6 4. O-O Be7 5. d3 b6 6. Nbd2 Bb7 7. e4 dxe4 8. dxe4 Nbd7 9. Qe2 O-O 10. Rd1 Qc8 11. e5 Nd5 12. c4 Nb4 13. Ne4 Nc6 14. Bg5 h6 15. Bf4 Rd8 16. Qe3 Na5 17. b3 Nf8 18. h4 Ng6 19. Nh2 Nxf4 20. Qxf4 Rxd1+ 21. Rxd1 Qf8 22. Ng4 Rd8 23. Rxd8 Qxd8 24. Bf3 Nc6 25. Nef6+ Kf8 26. Nxh6 gxf6 0-1


[Site "https://www.chess.com"]

[Event "Titled Tuesday Blitz January 10 Early 2023"]
[White "Kim, Yoon-Young"]
[Black "Kirillov, Dmitry"]
[WhiteFideId "30908779"]
[BlackFideId "34180572"]
[WhiteElo "2304"]
[BlackElo "2179"]
[Result "1-0"]
[Round "03"]
[TimeControl "180+2"]
[Date "2023.01.10"]
[WhiteClock "0:00:32"]
[BlackClock "0:00:01"]

1. Nf3 d5 2. g3 g6 3. Bg2 Bg7 4. d4 Nf6 5. O-O O-O 6. c4 c6 7. Qb3 dxc4 8. Qxc4 Be6 9. Qc2 Bf5 10. Qb3 Qb6 11. Qa3 Re8 12. Nc3 Nbd7 13. Be3 Nd5 14. Bd2 Nxc3 15. bxc3 Qc7 16. Nh4 e5 17. Nxf5 gxf5 18. e3 e4 19. Rab1 b5 20. c4 a6 21. Rfc1 Nb6 22. Ba5 Qb7 23. Qc5 Nc8 24. Qxf5 Nd6 25. Qf4 Qd7 26. cxb5 axb5 27. Bb4 Nc4 28. Bxe4 Rxa2 29. Qf3 Ra6 30. Bf5 Qc7 31. Bd3 Nd6 32. Qh5 h6 33. Qf3 Qd7 34. Qf4 Nc8 35. Bf5 Qd8 36. Qf3 Qc7 37. Be4 Na7 38. Bc5 Nc8 39. d5 cxd5 40. Bxd5 Ne7 41. Bb7 Rf6 42. Qe4 Nc6 43. Qxe8+ Kh7 44. Bxc6 Rxc6 45. Qe7 Rxc5 46. Qxc7 1-0


[Site "https://www.chess.com"]

[Event "Titled Tuesday Blitz January 10 Early 2023"]
[White "Sreyas Payyappat"]
[Black "Dehtiarov, Roman"]
[WhiteFideId "46674969"]
[BlackFideId "14186640"]
[WhiteElo "2076"]
[BlackElo "2289"]
[Result "0-1"]
[Round "03"]
[TimeControl "180+2"]
[Date "2023.01.10"]
[WhiteClock "0:02:00"]
[BlackClock "0:02:33"]

1. e4 e5 2. Nf3 Nc6 3. Bc4 Nf6 4. d4 exd4 5. e5 d5 6. Bb5 Ne4 7. Nxd4 Bd7 8. Bxc6 bxc6 9. c3 Bc5 10. Be3 O-O 11. O-O Qe7 12. f3 Ng5 13. f4 Ne4 14. Nd2 Nxd2 15. Qxd2 f6 16. e6 Bxd4 17. Bxd4 Qxe6 18. Rae1 Qf7 19. Bc5 Rfe8 20. Qd4 a6 21. h3 Bf5 22. g4 Be4 23. Re3 Rab8 24. b4 h5 25. Rg3 Qg6 26. Kh2 hxg4 27. Rxg4 Qh6 28. Rfg1 Bf5 29. R4g3 Re2+ 30. Kh1 Be4+ 0-1


[Site "https://www.chess.com"]

[Event "Titled Tuesday Blitz January 10 Early 2023"]
[White "Khamzin, Olzhas"]
[Black "Legenia, Artem"]
[WhiteFideId "13701690"]
[BlackFideId "14136945"]
[WhiteElo "2301"]
[BlackElo "2092"]
[Result "1-0"]
[Round "03"]
[TimeControl "180+2"]
[Date "2023.01.10"]
[WhiteClock "0:01:07"]
[BlackClock "0:00:18"]

1. d4 Nf6 2. Nc3 c6 3. Bg5 e6 4. e4 d5 5. e5 h6 6. Be3 Nfd7 7. f4 c5 8. Nf3 Nc6 9. Ne2 Qb6 10. Rb1 cxd4 11. Nexd4 Nxd4 12. Nxd4 Qa5+ 13. c3 a6 14. a4 Qc7 15. Bd3 g5 16. O-O Bg7 17. Qh5 Nc5 18. Bc2 b6 19. Rbe1 Bb7 20. f5 exf5 21. Bxf5 Bxe5 22. Bxg5 Kf8 23. Bxh6+ Bg7 24. Bxg7+ Kxg7 25. Qg5+ Kf8 26. g3 Re8 27. Rxe8+ Kxe8 28. Qg7 Rh5 29. Bg6 1-0


[Site "https://www.chess.com"]

[Event "Titled Tuesday Blitz January 10 Early 2023"]
[White "Fernandez Garcia, Gumersindo"]
[Black "Szpar, Milosz"]
[WhiteFideId "24516740"]
[BlackFideId "1184989"]
[WhiteElo "2160"]
[BlackElo "2447"]
[Result "0-1"]
[Round "03"]
[TimeControl "180+2"]
[Date "2023.01.10"]
[WhiteClock "0:00:13"]
[BlackClock "0:01:22"]

1. e4 c5 2. Nf3 d6 3. d4 cxd4 4. Nxd4 Nf6 5. Nc3 Nc6 6. Nb3 g6 7. Be2 Bg7 8. O-O O-O 9. Be3 Be6 10. Qd2 d5 11. exd5 Nxd5 12. Nxd5 Qxd5 13. Qxd5 Bxd5 14. c3 Rad8 15. Rad1 b6 16. Rd2 Be6 17. Rfd1 Rxd2 18. Rxd2 Ne5 19. f4 Ng4 20. Bxg4 Bxg4 21. Bd4 Bh6 22. g3 g5 23. Be3 gxf4 24. Bxf4 Bg7 25. Kf2 e5 26. Bg5 f6 27. Be3 f5 28. Bg5 h6 29. Be7 Rf7 30. Rd8+ Kh7 31. Bd6 f4 32. gxf4 exf4 33. Nd4 Bf6 34. Ra8 Bh4+ 35. Kf1 f3 36. Bg3 Bxg3 37. hxg3 f2 0-1


[Site "https://www.chess.com"]